 Dungeon Crawl Stone Soup version 0.31.0-9-g3a7656b989 (webtiles) character file.

Game seed: 4732629051037333082

126 qw the Skirmisher (level 4, -2/25 HPs)
             Began as a Deep Elf Hunter on Feb 2, 2024.
             Slain by a phantom (4 damage)
             ... on level 3 of the Dungeon.
             The game lasted 00:00:48 (2345 turns).

qw the Skirmisher (Deep Elf Hunter)                 Turns: 2345, Time: 00:00:49

Health: -2/25      AC:  5    Str: 10    XL:     4   Next: 83%
Magic:  6/6        EV: 11    Int: 14    God:
Gold:   160        SH:  0    Dex: 18    Spells: 3/3 levels left

rFire   . . .        a - +0 shortbow
rCold   . . .        (shield currently unavailable)
rNeg    . . .        c - +0 ring mail
rPois   .            (no helmet)
rElec   .            (no cloak)
rCorr   +            (no gloves)
SInv    .            (no boots)
Will    +....        (no amulet)
Stlth   +            b - ring of resist corrosion
HPRegen 0.24/turn    d - ring of willpower
MPRegen 0.10/turn

%: no passive effects
@: about to teleport
A: no striking features
a: no special abilities


You were on level 3 of the Dungeon.
You visited 1 branch of the dungeon, and saw 3 of its levels.

You collected 160 gold pieces.


   Skills:
 - Level 1.5 Fighting
 + Level 8.2 Ranged Weapons
 - Level 2.4 Dodging
 - Level 1.2 Stealth


You had 3 spell levels left.
You didn't know any spells.
Your spell library was empty.

Inventory:

Hand Weapons
 a - a +0 shortbow (weapon)
Armour
 c - a +0 ring mail (worn)
Jewellery
 b - a ring of resist corrosion (left hand)
 d - a ring of willpower (right hand)
Wands
 g - a wand of iceblast (7)
Potions
 e - a potion of curing {unknown}
 f - a potion of enlightenment
 i - a potion of heal wounds {unknown}
 m - a potion of might {unknown}

Dungeon Overview and Level Annotations

Branches:
Dungeon (3/15)

Altars:


Message History

2332 ||| READING 2 scrolls of teleportation.
As you read the scroll of teleportation, it crumbles to dust.
You feel strangely unstable. The bat hits you but does no damage.
You shoot an arrow. The arrow hits the bat.
The bat is heavily wounded.
The bat hits you. The bat closely misses you.
You shoot an arrow.
The arrow hits the bat but does no damage.
The bat is heavily wounded.
The bat hits you but does no damage.
You shoot an arrow. The arrow misses the bat.
Your surroundings suddenly seem different.
2336 ||| FLEEEEING.
2337 ||| FLEEEEING.
There is a faded altar of an unknown god, spattered with blood here.
Press < or > to pray at altars.
Press < or > to pray at altars.
Press < or > to pray at altars.
Press < or > to pray at altars.
Press < or > to pray at altars.
2338 ||| FLEEEEING.
You start resting.
A phantom is nearby!
2340 ||| FLEEEEING.
2341 ||| FLEEEEING.
2342 ||| FLEEEEING.
You shoot an arrow. The arrow hits the plant.
The plant begins to die.
The plant is lightly damaged.
You shoot an arrow. The arrow closely misses the phantom.
The phantom hits you but does no damage.
You shoot an arrow. The arrow hits the phantom.
The phantom is almost destroyed.
The phantom hits you.
The phantom blinks!
You blink.
The phantom barely misses you.
2345 ||| READING scroll of teleportation.
As you read the scroll of teleportation, it crumbles to dust.
You feel strangely unstable.
A nearby plant withers and dies.
The phantom hits you.
You die...

###.......#######.#
#.#..P....#.. .#
#P........# .#
#.P.WP....# ..
#....P...!#... ..
#.........#... .#.
#######_#####..# .##
#<#P.P.P.P.P#..###.#
#.#PPW@...P.#......#
#.#P¤PP....P#....##
#.#..PP..PP.#...%.#####
#..#.......#..........
##.#.P.P..P#........##.
#.#..P..PP#..........#
#..##..P##...b.....#..
#..##...#............#
#..#####.........###..


You could see a phantom.

Vanquished Creatures
  8 adders (D:2)
  2 dart slugs
  4 bats
  6 endoplasms
  A giant cockroach (D:2)
  5 goblins
  7 hobgoblins
  2 jackals (D:2)
  A quokka (D:2)
  6 ball pythons
  2 frilled lizards (D:1)
  3 kobolds
  3 rats
50 creatures vanquished.

Notes
Turn   | Place    | Note
-------+----------+-------------------------------------------
     0 | D:1      | qw the Deep Elf Hunter began the quest for the Orb.
     0 | D:1      | Reached XP level 1. HP: 12/12 MP: 3/3
     0 | D:1      | 0 ||| qw: Version: 0.3-a-155-g5e7d8dd
     0 | D:1      | 0 ||| qw: Game counter: 2867
     0 | D:1      | 0 ||| qw: Melee chars always use a shield: true
     0 | D:1      | 0 ||| qw: God list: Okawaru
     0 | D:1      | 0 ||| qw: Allow faded altars: false
     0 | D:1      | 0 ||| qw: Do Orc after clearing Dungeon:15 true
     0 | D:1      | 0 ||| qw: Do second Lair branch before Depths: true
     0 | D:1      | 0 ||| qw: Lair rune preference: random
     0 | D:1      | 0 ||| qw: Goals: Normal
     0 | D:1      | 0 ||| PLANNING D:1-11
   396 | D:1      | 396 ||| UPGRADING to +0 scale mail.
   406 | D:1      | 406 ||| DROPPING +0 leather armour.
   407 | D:1      | 407 ||| DROPPING ring of wizardry.
   408 | D:1      | 408 ||| READING scroll labelled MUDIOM KUIS.
   409 | D:1      | 409 ||| READING scroll labelled TUPNANIFOI.
   409 | D:1      | 409 ||| IDENTIFYING sedimented inky potion
   410 | D:1      | 410 ||| DROPPING scroll of butterflies.
   411 | D:1      | 411 ||| DROPPING potion of lignification.
   516 | D:1      | Reached skill level 6 in Ranged Weapons
   516 | D:1      | Reached XP level 2. HP: 16/16 MP: 4/4
  1044 | D:1      | 1044 ||| UPGRADING to +0 ring mail.
  1054 | D:1      | 1054 ||| DROPPING +0 scale mail.
  1055 | D:1      | 1055 ||| UPGRADING to ring of resist corrosion.
  1166 | D:2      | Reached XP level 3. HP: 20/20 MP: 5/5
  1329 | D:2      | Reached skill level 7 in Ranged Weapons
  1622 | D:2      | HP: 5/20 [poisoned by an adder]
  1714 | D:2      | Reached XP level 4. HP: 7/25 MP: 6/6
  1714 | D:2      | HP: 6/25 [poisoned by an adder]
  1903 | D:2      | Reached skill level 8 in Ranged Weapons
  2089 | D:2      | 2089 ||| UPGRADING to ring of willpower.
  2090 | D:2      | 2090 ||| READING 4 scrolls labelled LAAGUAQUSIP.
  2094 | D:2      | 2094 ||| READING 2 scrolls labelled SEAQEX IHAGE.
  2138 | D:2      | 2138 ||| READING scroll labelled SERAIPN KIDA.
  2139 | D:2      | 2139 ||| READING scroll labelled KORAJE CUECAI.
  2240 | D:2      | 2240 ||| READING 3 scrolls labelled OPTU EVUSKUCA.
  2241 | D:2      | 2241 ||| DRINKING 2 grey potions.
  2242 | D:2      | 2242 ||| DROPPING scroll of torment.
  2243 | D:2      | 2243 ||| DROPPING 2 scrolls of blinking.
  2255 | D:3      | Found a faded altar of an unknown god.
  2314 | D:3      | Noticed a phantom
  2319 | D:3      | 2319 ||| ZAPPING wand of iceblast (8) at 1,-2 (phantom;
                  | floor).
  2325 | D:3      | HP: 6/25 [phantom (5)]
  2326 | D:3      | 2326 ||| READING 3 scrolls of teleportation.
  2332 | D:3      | 2332 ||| READING 2 scrolls of teleportation.
  2333 | D:3      | HP: 5/25 [bat (1)]
  2336 | D:3      | 2336 ||| FLEEEEING.
  2337 | D:3      | 2337 ||| FLEEEEING.
  2338 | D:3      | 2338 ||| FLEEEEING.
  2340 | D:3      | 2340 ||| FLEEEEING.
  2341 | D:3      | 2341 ||| FLEEEEING.
  2342 | D:3      | 2342 ||| FLEEEEING.
  2344 | D:3      | HP: 2/25 [phantom (6)]
  2345 | D:3      | 2345 ||| READING scroll of teleportation.
  2345 | D:3      | Slain by a phantom

Levels and vault maps discovered:
D:1:      dpeg_arrival_boxes_within_box, layout_loops_cross,
          serial_co_window_serial, co_window_corner_a, co_window_paths_a,
          co_window_paths_a, co_window_corner_a, co_window_of_opportunity_a,
          co_window_2corner, co_window_of_opportunity_b, co_window_corner_ca,
          co_window_broadway_b, co_window_corner_ca, co_window_paths_e,
          co_window_4corner_a, glass_columns_a, glass_columns_c
D:2:      layout_loops_ring, minmay_misc_feat_iff, minmay_snake_closets
D:3:      layout_loops_ring, slow_altar_1, shapermc_ecumenical_altar_gd,
          corexii_corridor_pit, nicolae_grassy_gnolls

Skill      XL: |  1  2  3  4 |
---------------+-------------+-----
Ranged Weapons | 6 7 8 |  8.2
Fighting       | |  1.5
Dodging        | |  2.4
Stealth        | |  1.2

Action                     |  1- 3 |  4- 6 || total
---------------------------+-------+-------++-------
   Fire: Shortbow          |   113 |    46 ||   159
  Evoke: Wand              |       |     1 ||     1
    Use: Scroll            |     2 |     8 ||    10
         Potion            |       |     1 ||     1
 Armour: Scale mail        |    29 |       ||    29
         Leather armour    |     2 |       ||     2
         Ring mail         |    19 |    23 ||    42
  Dodge: Dodged            |    22 |    19 ||    41

Table legend:
 A = Non-vault XP
 B = Vault XP
 C = Vault XP percentage of total XP
 D = Non-vault monster count
 E = Vault monster count
 F = Vault count percentage of total count
                 A         B        C        D         E       F
            +---------+---------+-------+---------+---------+-------
      Total |      99 |      81 |  45.0 |      42 |       8 |  16.0
            +---------+---------+-------+---------+---------+-------
        D:1 |      27 |       0 |   0.0 |      16 |       0 |   0.0
        D:2 |      68 |      81 |  54.4 |      23 |       8 |  25.8
        D:3 |       4 |       0 |   0.0 |       3 |       0 |   0.0
            +---------+---------+-------+---------+---------+-------
